 Seeded DCSS version 0.29-a0-284-gf9362112df (webtiles) character file.

Game seed: 10898707918651901846 (custom seed)

21 gzilladon the Sneak (level 2, 0/13 HPs)
             Began as a Spriggan Enchanter on Apr 1, 2022.
             Succumbed to an adder's poison
             ... on level 2 of the Dungeon.
             The game lasted 00:05:18 (2322 turns).

gzilladon the Sneak (Spriggan Enchanter)            Turns: 2322, Time: 00:05:18

Health: 0/13       AC:  2    Str:  4    XL:     2   Next: 65%
Magic:  1/6        EV: 18    Int: 16    God:
Gold:   88         SH:  0    Dex: 21    Spells: 4/6 levels left

rFire   . . .      SeeInvis +   d - +0 dagger (vamp)
rCold   . . .      Faith    .   (no shield)
rNeg    . . .      Spirit   .   b - +0 robe
rPois   .          Reflect  .   (helmet restricted)
rElec   .          Harm     .   (no cloak)
rCorr   .          Rampage  .   (gloves unavailable)
Will    .....                   (boots unavailable)
Stlth   +++.......              (no amulet)
HPRegen 0.04/turn               f - +6 ring of dexterity
MPRegen 0.10/turn               l - ring of wizardry

@: lethally poisoned (0 -> -4), invisible, very quick
A: very small, no large weapons, unfitting armour, see invisible, speed 3
a: no special abilities


You were on level 2 of the Dungeon.
You visited 1 branch of the dungeon, and saw 2 of its levels.

You collected 88 gold pieces.

Inventory:

Hand Weapons
 a - a +1 dagger
 d - a +0 vampiric dagger (weapon)
Missiles
 k - 26 stones (quivered)
Armour
 b - a +0 robe (worn)
Jewellery
 f - a +6 ring of dexterity (left hand)
 l - a ring of wizardry (right hand)
Scrolls
 g - 2 scrolls of teleportation {unknown}
 h - a scroll of identify {unknown}
 i - a scroll of vulnerability {unknown}
 j - a scroll of noise {unknown}
Potions
 e - a potion of mutation {unknown}


   Skills:
 + Level 0.3 Fighting
 * Level 1.4 Short Blades
 + Level 2.7 Dodging
 * Level 5.4 Stealth
 + Level 2.7 Spellcasting
 + Level 3.8 Hexes


You had 4 spell levels left.
You knew the following spells:

 Your Spells              Type           Power      Damage    Failure   Level
a - Ensorcelled Hibernat  Hex/Ice        16%        N/A       5%          2

Your spell library contained the following spells:

 Spells                   Type           Power      Damage    Failure   Level
 Confusing Touch          Hex            14%        N/A       4%          3
 Tukima's Dance           Hex            14%        N/A       4%          3
 Beastly Appendage        Tmut           4%         N/A       8%          1
 Dazzling Flash           Conj/Hex       16%        N/A       11%         3
 Wereblood                Tmut           2%         N/A       12%         2
 Spider Form              Tmut/Pois      2%         N/A       22%         3


Dungeon Overview and Level Annotations

Branches:
Dungeon (2/15)

Altars:


Innate Abilities, Weirdness & Mutations

You are very small and have problems with some larger weapons.
You are too small for most types of armour.
You have supernaturally acute eyesight. (SInv)
You cover ground extremely quickly. (Speed+++)


Message History

The adder misses you.
A frilled lizard comes into view.
You completely miss the adder. The adder misses you.
The adder closely misses you.
The frilled lizard hisses angrily.
You hit the adder.
The adder is moderately wounded.
The adder closely misses you.
You barely miss the adder.
The adder is moderately wounded.
The adder bites you.
You hit the adder.
You feel better.
You punch the adder.
The adder is severely wounded.
The adder bites you but does no damage.
You hit the adder.
You feel better.
The adder is severely wounded.
The adder completely misses you.
You hit the adder but do no damage.
The adder is severely wounded.
The adder misses you. The adder barely misses you.
You closely miss the adder.
The adder is severely wounded.
The adder bites you but does no damage.
You barely miss the adder.
The adder is severely wounded.
The adder bites you. The frilled lizard misses you.
Casting: Ensorcelled Hibernation (safe; 5% risk of failure)
Confirm with . or Enter, or press ? or * to list all spells.
Aiming: Ensorcelled Hibernation (safe; 5% risk of failure)
Press: ? - help, Shift-Dir - straight line, f - frilled lizard
Aim: a frilled lizard (chance to affect: 59%)
The frilled lizard looks drowsy...
The adder bites you.
* * * LOW HITPOINT WARNING * * *
You are lethally poisoned!
The adder poisons you!
You fade into invisibility!
* * * LOW HITPOINT WARNING * * *
You feel sick. The adder barely misses you. The adder misses you.
The frilled lizard hisses angrily.
You die...

.........
........# #
........#####..
........#....
............
..........#
......Sl..#
#....# #.@..#
#....#####
#.........
#....####.
#...... #..!.#
###......
#....####..#.
#.......
+............
#......
#.#..####..##
#....#
####.#..#


You could see an adder (can't see you) and a frilled lizard (wandering, can't
see you).

Vanquished Creatures
  A dart slug (D:2)
  2 endoplasms (D:1)
  2 goblins (D:1)
  3 hobgoblins (D:1)
  A quokka (D:1)
  3 bats (D:1)
  A frilled lizard (D:2)
  4 kobolds
17 creatures vanquished.

Notes
Turn   | Place    | Note
-------+----------+-------------------------------------------
     0 | D:1      | gzilladon the Spriggan Enchanter began the quest for the
                  | Orb.
     0 | D:1      | Reached XP level 1. HP: 9/9 MP: 5/5
  1257 | D:1      | Reached XP level 2. HP: 13/13 MP: 6/6
  1341 | D:1      | Reached skill level 5 in Stealth
  2225 | D:2      | Learned a level 2 spell: Ensorcelled Hibernation
  2322 | D:2      | Succumbed to an adder's poison

Illustrated notes

Levels and vault maps discovered:
D:1:      dpeg_arrival_stonehenge_12_columns, layout_basic
D:2:      layout_basic, basic_altar, uniq_natasha

Skill      XL: |  1  2 |
---------------+-------+-----
Stealth        | 5 |  5.4
Fighting       | |  0.3
Short Blades   | |  1.4
Dodging        | |  2.7
Spellcasting   | |  2.7
Hexes          | |  3.8

Action                   || total
-------------------------++-------
Melee: Dagger            ||    69
       Punch             ||     2
 Cast: Ensorcelled Hiber ||     3
  Use: Potion            ||     2
 Stab: Sleeping          ||     7
Armor: Robe              ||     9
Dodge: Dodged            ||    42

Table legend: (Time is in decaauts)
 A = Elapsed time spent in this place.
 B = Non-inter-level travel time spent in this place.
 C = Inter-level travel time spent in this place.
 D = Time resting spent in this place.
 E = Time spent auto-exploring this place.
 F = Levels seen in this place.
 G = Mean time per level.
                   A        B        C        D        E       F      G
               +--------+--------+--------+--------+--------+-----+--------+
         Total |   1987 |   1969 |     18 |   1394 |      0 |   2 |  993.5 |
       Dungeon |   1987 |   1969 |     18 |   1394 |      0 |   2 |  993.5 |
               +--------+--------+--------+--------+--------+-----+--------+

Top non-repeatable levels by time:
     D:1: 1777 daAuts
     D:2: 210 daAuts
